Map: Whispers of Gold

Players

TTVYTSTREAM - Winner!

  • Race: Terran Terran
  • League: Master
  • Spawn Location: 5:00

GangusKaun

  • Race: Protoss Protoss
  • League: Gold
  • Spawn Location: 9:00

VOD

Have the link to the VOD?

Description

Time

  • Played on: Dec. 6, 2024, 4:16 p.m.
  • Length: 10:08
Show
View Real Time Build Order
Export as new Build Order

TTVYTSTREAM Terran - Winner!

Build Orders:  

Get SALT Encoding   

  12  0:00  SCV  
  13  0:12  SCV  
  14  0:18  Supply Depot  
  14  0:24  SCV  
  15  0:41  Barracks  
  15  0:44  SCV  
  15  0:46  Refinery  
  16  0:56  SCV  
  17  1:07  Barracks  
  17  1:09  SCV  
  18  1:14  Refinery  
  18  1:21  SCV  
  19  1:31  Barracks Tech Lab  
  19  1:35  Orbital Command  
  19  1:50  Marauder  
  21  1:54  Marine  
  21  1:56  Concussive Shells  
  22  2:19  Marine  
  23  2:31  Supply Depot  
  23  2:33  Command Center  
  23  2:43  Factory  
  23  2:47  Barracks Reactor  
  23  2:49  Stimpack  
  23  2:55  Marauder  
  25  2:59  SCV  
  26  3:11  SCV  
  27  3:16  Marine  
  28  3:23  SCV  
  28  3:25  Supply Depot  
  29  3:35  SCV, Factory Tech Lab  
  29  3:36  Marine, Starport  
  31  3:44  Marine  
  31  3:48  SCV  
  33  3:53  Orbital Command  
  33  4:00  SCV  
  34  4:09  Supply Depot  
  34  4:13  SCV  
  34  4:15  Engineering Bay  
  35  4:19  Engineering Bay  
  35  4:25  Siege Tank  
  38  4:32  Starport Reactor  
  38  4:34  Marine x2  
  38  4:37  Marauder  
  42  4:41  Combat Shield  
  42  4:54  Refinery  
  42  4:55  SCV  
  42  4:56  SCV, Refinery  
  44  5:00  Terran Infantry Armor Level 1  
  41  5:21  Marauder  
  41  5:22  Marine x2  
  41  5:24  Medivac  
  47  5:30  Medivac  
  47  5:32  SCV x2  
  51  5:43  Supply Depot x2  
  51  5:44  SCV x2  
  56  5:50  Siege Tank  
  56  5:51  Marine x2  
  56  5:56  Marauder  
  60  5:58  SCV  
  60  6:00  SCV  
  62  6:05  Supply Depot  
  51  6:33  SCV  
  51  6:36  SCV  
  53  6:44  Marine x3  
  53  6:45  SCV  
  57  6:48  SCV  
  57  6:51  Missile Turret  
  58  6:55  Sensor Tower  
  58  6:57  SCV  
  58  7:00  SCV  
  60  7:01  Marine  
  60  7:02  Marine x2  
  63  7:09  SCV  
  63  7:12  SCV  
  65  7:19  Marine x2  
  65  7:20  Marine  
  65  7:21  SCV  
  69  7:24  SCV  
  52  8:36  Marine x3  
  55  8:41  Siege Tank  
  58  8:54  Marine x3  
  58  9:12  Marine x3  
  58  9:13  Siege Tank  
  64  9:29  Medivac x2  
  64  9:30  Marine x3  
  71  9:48  Marine  
Show
View Real Time Build Order
Export as new Build Order

GangusKaun Protoss 

Build Orders:  

Get SALT Encoding   

  12  0:15  Pylon  
  12  0:18  Probe  
  13  0:30  Probe  
  13  0:33  Gateway  
  14  0:39  Probe  
  14  0:40  Assimilator  
  14  0:47  Probe  
  16  0:57  Probe  
  17  1:09  Probe  
  18  1:21  Probe  
  18  1:24  Cybernetics Core  
  19  1:33  Probe  
  20  1:45  Nexus  
  20  1:51  Pylon  
  20  1:57  Assimilator  
  20  1:58  Adept  
  20  1:59  Probe  
  21  2:05  Warp Gate  
  23  2:14  Assimilator  
  22  2:33  Shield Battery  
  22  2:37  Probe  
  22  2:43  Robotics Facility  
  23  2:48  Gateway  
  23  2:50  Probe  
  24  3:02  Probe  
  25  3:06  Twilight Council  
  25  3:07  Adept  
  25  3:10  Probe  
  26  3:14  Probe  
  29  3:24  Probe  
  29  3:26  Probe  
  31  3:36  Probe  
  32  3:42  Warp Prism  
  34  3:55  Probe  
  35  3:56  Probe  
  36  4:03  Gateway  
  36  4:07  Probe  
  36  4:08  Probe  
  38  4:12  Dark Shrine  
  38  4:16  Pylon  
  38  4:24  Shield Battery  
  38  4:26  Probe x2  
  38  4:30  Adept  
  42  4:38  Probe x2  
  42  4:42  Assimilator  
  42  4:44  Assimilator  
  44  4:59  Observer  
  39  5:22  Probe x2  
  41  5:31  Dark Templar x3  
  41  5:34  Probe x2  
  49  5:40  Gateway  
  49  5:41  Gateway  
  49  5:44  Immortal  
  49  5:45  Gateway  
  49  5:46  Probe  
  49  5:48  Gateway  
  54  6:23  Probe x2  
  54  6:25  Pylon  
  52  6:27  Pylon  
  52  6:32  Gateway, Blink  
  50  6:36  Gateway, Probe x2  
  52  6:41  Gateway  
  52  6:42  Shield Battery  
  52  6:44  Pylon  
  52  6:50  Observer  
  52  6:55  Robotics Facility  
  52  7:00  Robotics Bay  
  52  7:03  Forge  
  52  7:15  Dark Templar x6  
  58  7:30  Protoss Ground Weapons Level 1  
  58  7:32  Probe x2  
  58  7:34  Immortal  
  64  7:44  Probe  
  59  7:55  Dark Templar  
  59  7:59  Zealot x4  
  59  8:00  Zealot x2  
  59  8:01  Protoss Air Weapons Level 1, Zealot  
  64  8:31  Stalker x5  
  58  8:46  Dark Templar  
  47  9:05  Dark Templar x3  
  36  9:15  Zealot x2  
  35  9:22  Stalker  
  33  9:39  Stalker x4  
  31  10:03  Zealot x4  
Tags
 
Add a new tag
Caveats
  • Supply blocks, unpowered buildings, or Contaminate may cause inaccurate times.
  • Supply counts are checked every 10 seconds.